 Dungeon Crawl Stone Soup version 0.30-a0-743-gbfdf073431 (webtiles) character file.

Game seed: 3500315558011975032

15010 jimonade the Thaumaturge (level 12, -4/81 HPs)
             Began as a Djinni Hedge Wizard on Feb 5, 2023.
             Was a Follower of Ashenzari.
             Slain by a harpy (9 damage)
             ... on level 2 of the Lair of Beasts.
             The game lasted 00:45:29 (11604 turns).

jimonade the Thaumaturge (Djinni Hedge Wizard)     Turns: 11604, Time: 00:45:30

Health: -4/81      AC:  9    Str: 13    XL:     12   Next: 52%
Gold:   557        EV: 14    Int: 24    God:    Ashenzari [*.....] SH:  0 Dex: 14

rFire   + + .      SeeInvis .    a - +2 dagger (elec)
rCold   x . .      Faith    .    (no shield)
rNeg    + + .      Spirit   .    I - +0 steam dragon scales
rPois   ∞          Reflect  .    P - +1 helmet of the Boiling Point {rN++ Str+2}
rElec   .          Harm     .    e - +0 cloak "Eternal With Me" {Cun, Fort} (curse)
rCorr   .          Rampage  .    C - +0 pair of gloves of the Eternal Moon {Range, Self} (curse)
Will    +....                    (boots unavailable)
Stlth   ++                       (no amulet)
HPRegen 0.33/turn                R - +6 ring of intelligence
MPRegen 0.00/turn                (no ring)

@: flying
A: sickness immunity, fire resistance 2, cold vulnerability 1, float, innate
caster, HP casting, extra vitality 1
a: Renounce Religion, Shatter the Chains


You were on level 2 of the Lair of Beasts.
You worshipped Ashenzari.
Ashenzari was aware of your devotion.
You visited 3 branches of the dungeon, and saw 11 of its levels.

You collected 557 gold pieces.

Inventory:

Hand Weapons
 a - a +2 dagger of electrocution (weapon)
 b - a +0 sling
 n - a +0 spear
 F - a +3 great sword
 K - a +2 hand axe of electrocution
 S - a +5 whip of electrocution
Missiles
 J - 40 poisoned darts
Armour
 c - a +0 hat
 d - a +1 scale mail of willpower
 e - the cursed +0 cloak "Eternal With Me" (worn) {Cun, Fort}
   (You found it on level 1 of the Dungeon)

   It has a curse which improves the following skills: Cunning: Dodging and
   Stealth.
   Fortitude: Armour and Shields.
 h - a +0 ring mail
 o - a scarf of shadows
 s - a +0 robe
 t - the +9 plate armour of Vampiric Thralls {rN+ Int+3}
   (You found it on level 8 of the Dungeon)

   Int:       It affects your intelligence (+3).
   rN:        It protects you from negative energy.
 x - a +0 kite shield
 A - a +0 leather armour
 C - the cursed +0 pair of gloves of the Eternal Moon (worn) {Range, Self}
   (You found it on level 5 of the Dungeon)

   It has a curse which improves the following skills: Ranged Combat: Ranged
   Weapons and Throwing.
   Introspection: Fighting and Spellcasting.
 I - +0 steam dragon scales (worn)
 L - a +0 leather armour of fire resistance
 P - the +1 helmet of the Boiling Point (worn) {rN++ Str+2}
   (You found it on level 1 of the Lair of Beasts)

   Str:       It affects your strength (+2).
   rN:        It greatly protects you from negative energy.
Jewellery
 R - a +6 ring of intelligence (left hand)
Wands
 w - a wand of iceblast (18)
 G - a wand of light (6)
 N - a wand of polymorph (1)
 O - a wand of mindburst (10)
Scrolls
 g - 2 scrolls of vulnerability
 j - a scroll of poison
 l - 7 scrolls of identify
 m - 2 scrolls of enchant armour
 p - a scroll of enchant weapon
 q - a scroll of butterflies
 r - 4 scrolls of fog
 v - a scroll of fear
 y - 3 scrolls of teleportation
 B - a scroll of magic mapping
 D - 2 scrolls of immolation
 E - 3 scrolls of blinking
 Q - a scroll of silence
Potions
 f - a potion of might
 i - a potion of curing
 k - a potion of brilliance
 u - a potion of cancellation
 z - a potion of mutation
 H - a potion of attraction
 M - a potion of haste


   Skills:
 * Level 4.7(5.5) Fighting
 + Level 2.5 Short Blades
 + Level 1.8(2.4) Armour
 + Level 4.5(5.3) Dodging
 - Level 1.5(2.2) Stealth
 * Level 14.1(14.9) Spellcasting


You had 17 spell levels left.
You knew the following spells:

 Your Spells              Type           Power      Damage    Failure   Level
a - Magic Dart            Conj           100%       1d8       0%          1
b - Slow                  Hex            100%       N/A       0%          1
c - Blink                 Tloc           100%       N/A       0%          2
d - Call Imp              Summ           74%        N/A       0%          2
e - Mephitic Cloud        Conj/Pois/Air  74%        N/A       1%          3
f - Sandblast             Erth           100%       2d20      0%          1
g - Passwall              Tmut/Erth      61%        N/A       0%          2
h - Stone Arrow           Conj/Erth      100%       3d13      1%          3
i - Animate Dead          Necr           74%        N/A       1%          4
j - Dispel Undead         Necr           74%        3d25      1%          4
Your spell library was empty.

Dungeon Overview and Level Annotations

Branches:
Dungeon (9/15)             Temple (1/1) D:5            Lair (2/5) D:9
  Swamp: Lair:2-3    Shoals: Lair:2-3     Snake: Lair:2-3    Spider: Lair:2-3
    Orc: D:9-12

Altars:
Ashenzari
Cheibriados
Dithmenos
Elyvilon
Fedhas
Gozag
Hepliaklqana
Makhleb
Nemelex Xobeh
Okawaru
Qazlal
Trog
Uskayaw
Xom
Yredelemnul
Zin
The Shining One

Shops:
D:5 (

Annotations:
D:3 1 runed translucent door, exclusion: door, Crazy Yiuf, Sigmund
D:4 Natasha
D:7 1 transporter, dolemite99's ghost, novice DjTm
Lair:2 1 runed translucent door, jimonade's ghost, journeyman DjHW


Innate Abilities, Weirdness & Mutations

You are immune to sickness and miasma.
You are immune to poison.
Your flesh is very heat resistant. (rF++)
You are vulnerable to cold. (rC-)
You float through the air rather than walking.
You learn spells naturally, not from books.
Your magical power is your life essence.
You have superior vitality. (+4 MHP)


Message History

* * * LOW HITPOINT WARNING * * *
The harpy claws you.
* * * LOW HITPOINT WARNING * * *
Casting: Mephitic Cloud (safe; 1% risk of failure)
Confirm with . or Enter, or press ? or * to list all spells.
Aiming: Mephitic Cloud (safe; 1% risk of failure)
Press: ? - help, Shift-Dir - straight line, p - harpy
Okay, then.
Unknown command.
Press: ? - help, v - describe, . - travel
Here: a harpy The floor.
Unknown command.
Casting: Mephitic Cloud (safe; 1% risk of failure)
Confirm with . or Enter, or press ? or * to list all spells.
Aiming: Mephitic Cloud (safe; 1% risk of failure)
Press: ? - help, Shift-Dir - straight line, f - harpy, p - harpy
Aim: a harpy (noxious fumes, not susceptible)
The ball explodes into a vile cloud!
The stinking cloud engulfs the harpy but does no damage.
The stinking cloud engulfs the plant but does no damage.
The plant is lightly damaged.
The stinking cloud engulfs you but does no damage.
The stinking cloud engulfs the black mamba but does no damage.
The black mamba is lightly wounded.
The stinking cloud engulfs the harpy but does no damage.
The stinking cloud engulfs the polar bear but does no damage.
The polar bear is moderately wounded.
* * * LOW HITPOINT WARNING * * *
The harpy claws you!
* * * LOW HITPOINT WARNING * * *
The harpy claws you but does no damage.
The black mamba bites the plant.
The plant is poisoned.
The black mamba poisons the plant!
The harpy closely misses you. The harpy claws you but does no damage.
The harpy claws the plant! x2; The black mamba bites the plant!
The polar bear is engulfed in noxious fumes.
The polar bear appears confused.
The polar bear bites the harpy.
The polar bear barely misses the harpy. x2
A nearby plant withers and dies.
The harpy claws you!
You die...

. ♣
♣♣#P##.....#⌠.!♣?.⌠
♣♣
♣...#..#...##.....#
♣♣.ZZ.......##...##
♣.###.......##W##.
♣P♣###.#......#+#..
♣♣ #..#..........
#....P.......
##.P.....##
#@..#..## ##HH..###
#PS#....#
##§h....####.
##☼.#........
#...°#.....#.
♣Y!.Z.F.......
♣.#..§P...#####
#.♣....P.....


You could see a polar bear (confused, slow, ally target), a black mamba, 2
harpies and a friendly basilisk zombie.

Vanquished Creatures
  A hydra (D:9)
  2 two-headed ogres
  A boulder beetle (Lair:1)
  A fire crab (D:9)
  A lindwurm (Lair:1)
  A black mamba (Lair:1)
  A torpor snail (Lair:1)
  A rime drake (Lair:1)
  A kobold demonologist (D:9)
  3 cane toads (Lair:1)
  A polar bear (Lair:1)
  2 dream sheep (Lair:1)
  A tarantella (Lair:1)
  7 blink frogs
  2 wyverns
  5 yaks
  2 basilisks (Lair:1)
  A redback (Lair:1)
  A steam dragon (D:7)
  3 water moccasins (Lair:1)
  3 ice beasts
  A sky beast (D:8)
  A blink frog zombie (Lair:2)
  2 ogres (D:5)
  3 wolves
  A centaur (D:8)
  3 kobold brigands
  2 necrophages
  2 bullfrogs
  5 wights (D:8)
  A killer bee (D:8)
  A lava snake (Lair:1)
  A basilisk zombie (Lair:1)
  An orc priest (D:7)
  3 hounds
  A jelly (D:7)
  2 gnoll boudas
  Ijyb (D:5)
  3 orc wizards
  6 gnolls
  An adder (D:5)
  A shadow imp (D:5)
  A worm (D:3)
  11 orcs
  5 endoplasms
  A giant cockroach (D:2)
  4 goblins
  A hobgoblin (D:1)
  8 jackals
  A quokka (D:1)
  8 ball pythons
  11 bats
  3 frilled lizards (D:1)
  12 kobolds
  3 rats
152 creatures vanquished.

Vanquished Creatures (collateral kills)
  A komodo dragon (Lair:2)
  2 blink frogs
  3 dream sheep
  6 yaks
  A spriggan (Lair:2)
  A basilisk (Lair:2)
  A redback (Lair:1)
  4 water moccasins
  4 kobold brigands
  2 bullfrogs
  A scorpion (D:5)
  3 killer bees (D:8)
  A lava snake (Lair:1)
  A hound (D:4)
  An orc priest (D:8)
  2 orc wizards
  6 gnolls
  An ufetubus (D:5)
  A worm (D:4)
  13 orcs
  An endoplasm (D:4)
  A goblin (D:4)
  A hobgoblin (D:4)
  16 kobolds (D:8)
  A rat (D:3)
75 creatures vanquished.

Vanquished Creatures (others)
  A redback zombie (Lair:1)
  A tarantella zombie (Lair:1)
  A cane toad zombie (Lair:1)
  2 dream sheep zombies (D:9)
  4 blink frog zombies (Lair:2)
  2 water moccasin zombies (Lair:1)
  A killer bee (D:8)
  A wolf zombie (Lair:1)
  A bullfrog zombie (D:9)
  A basilisk zombie (Lair:1)
  5 gnoll zombies (D:9)
  2 orc zombies (D:9)
  5 kobold zombies (D:9)
  5 fungi
  15 plants
  4 withered plants (D:9)
51 creatures vanquished.

Grand Total: 278 creatures vanquished

Notes
Turn   | Place    | Note
-------+----------+-------------------------------------------
     0 | D:1      | jimonade the Djinni Hedge Wizard began the quest for the
                  | Orb.
     0 | D:1      | jimonade set off with the following spells memorised: Magic
                  | Dart, Slow, Blink, Call Imp, Mephitic Cloud.
     0 | D:1      | Reached XP level 1. HP: 15/15 MP: 0/0
    95 | D:1      | Reached XP level 2. HP: 19/21 MP: 0/0
   227 | D:1      | Reached skill level 3 in Spellcasting
   404 | D:1      | Reached XP level 3. HP: 23/25 MP: 0/0
   404 | D:1      | Learned a level 1 spell: Sandblast
   542 | D:1      | Found a faded altar of an unknown god.
  1122 | D:2      | Noticed a necrophage
  1151 | D:2      | Killed a necrophage
  1152 | D:2      | Reached skill level 4 in Spellcasting
  1152 | D:2      | Reached XP level 4. HP: 23/31 MP: 0/0
  1247 | D:2      | Found a burning altar of Makhleb.
  1317 | D:2      | Reached XP level 5. HP: 34/35 MP: 0/0
  1317 | D:2      | Learned a level 2 spell: Passwall
  1842 | D:3      | Found a glowing silver altar of Zin.
  2482 | D:3      | Noticed Sigmund
  2595 | D:3      | Found a runed translucent door.
  2596 | D:3      | Noticed Crazy Yiuf
  2677 | D:4      | Reached XP level 6. HP: 30/40 MP: 0/0
  3184 | D:4      | Noticed Natasha
  3207 | D:4      | Reached skill level 5 in Spellcasting
  3850 | D:5      | Entered Level 5 of the Dungeon
  3881 | D:5      | Noticed an ogre
  3886 | D:5      | Killed an ogre
  3926 | D:5      | Noticed an ogre
  3934 | D:5      | Killed an ogre
  3935 | D:5      | Reached XP level 7. HP: 42/45 MP: 0/0
  3935 | D:5      | Learned a level 3 spell: Stone Arrow
  4000 | D:5      | Noticed Ijyb
  4011 | D:5      | Killed Ijyb
  4012 | D:5      | Reached skill level 6 in Spellcasting
  4308 | D:5      | Found a staircase to the Ecumenical Temple.
  4316 | Temple   | Entered the Ecumenical Temple
  4373 | Temple   | Became a worshipper of Ashenzari the Shackled
  4564 | D:5      | Found a stormy altar of Qazlal.
  4808 | D:5      | Reached XP level 8. HP: 29/51 MP: 0/0
  4933 | D:5      | Found Ucreqosm's Weapon Shoppe.
  4992 | D:5      | Reached skill level 7 in Spellcasting
  5054 | D:5      | You are sucked into a shaft and drop 2 floors!
  5201 | D:7      | Noticed dolemite99's ghost (novice DjTm)
  5208 | D:7      | Noticed a moth of wrath
  5213 | D:7      | Noticed a wyvern
  5592 | D:7      | Found a snail-covered altar of Cheibriados.
  5631 | D:7      | Reached skill level 8 in Spellcasting
  5791 | D:7      | Found a transporter.
  5930 | D:7      | Reached XP level 9. HP: 48/57 MP: 0/0
  5930 | D:7      | Learned a level 4 spell: Animate Dead
  6238 | D:8      | Reached skill level 1 in Armour
  6523 | D:8      | Reached * piety under Ashenzari
  6582 | D:8      | Found a hide-covered altar of Uskayaw.
  6604 | D:8      | Reached skill level 1 in Fighting
  6604 | D:8      | Reached skill level 9 in Spellcasting
  6736 | D:8      | Noticed a two-headed ogre
  6756 | D:8      | Killed a two-headed ogre
  6757 | D:8      | Reached skill level 1 in Short Blades
  6945 | D:8      | Identified the +9 plate armour of Vampiric Thralls {rN+
                  | Int+3}
  7288 | D:8      | Reached XP level 10. HP: 48/63 MP: 0/0
  7289 | D:8      | Reached skill level 10 in Spellcasting
  7878 | D:9      | Found a staircase to the Lair.
  7879 | D:9      | Noticed a fire crab
  7895 | D:9      | Killed a fire crab
  8060 | D:9      | Noticed a two-headed ogre
  8071 | D:9      | Killed a two-headed ogre
  8072 | D:9      | Reached skill level 11 in Spellcasting
  8172 | D:9      | Noticed a kobold demonologist
  8177 | D:9      | Killed a kobold demonologist
  8573 | D:9      | Found a glowing golden altar of the Shining One.
  8646 | D:9      | Noticed a three-headed hydra
  8656 | D:9      | Killed a three-headed hydra
  8675 | D:9      | Reached XP level 11. HP: 56/71 MP: 0/0
  8675 | D:9      | Learned a level 4 spell: Dispel Undead
  8899 | Lair:1   | Entered Level 1 of the Lair of Beasts
  8917 | Lair:1   | Reached skill level 12 in Spellcasting
  9725 | Lair:1   | Reached skill level 13 in Spellcasting
 10280 | Lair:1   | Reached XP level 12. HP: 42/79 MP: 0/0
 10498 | Lair:1   | Identified the +1 helmet of the Boiling Point {rN++ Str+2}
 10557 | Lair:1   | Found a runed translucent door.
 10891 | Lair:1   | Identified the +0 hat of Follow the Leader {Rampage Will+}
 10894 | Lair:1   | Found a runed translucent gate.
 10894 | Lair:1   | Found a runed translucent gate.
 10894 | Lair:1   | Found a runed translucent gate.
 10894 | Lair:1   | Found a runed translucent gate.
 10895 | Lair:1   | Found a runed translucent gate.
 10895 | Lair:1   | Noticed a boulder beetle
 10897 | Lair:1   | Found a runed translucent gate.
 10968 | Lair:1   | Killed a boulder beetle
 11366 | Lair:2   | Reached skill level 14 in Spellcasting
 11547 | Lair:2   | Noticed jimonade's ghost (journeyman DjHW)
 11550 | Lair:2   | Found a runed translucent door.
 11604 | Lair:2   | Slain by a harpy

Illustrated notes

Levels and vault maps discovered:
D:1:      minmay_arrival_semitransparent, layout_basic,
          shapermc_ecumenical_altar_flowoftime, st_stairs_5,
          hangedman_abyss_or_decor_lesser_grid
D:2:      layout_basic, basic_altar
D:3:      minmay_chambers_of_twos, layout_basic, amcnicky_altar_gilded,
          uniq_crazy_yiuf_cottage, uniq_sigmund
D:4:      layout_loops_corners, uniq_natasha
D:5:      layout_basic, marbit_many_paths, nicolae_overflow_hidden_temple,
          minmay_temple_entry_glassed_door, serial_shops, shop_statue, uniq_ijyb
D:7:      layout_loops_ring, old_standard_altar,
          gammafunk_ghost_berserking_beasts
D:8:      layout_basic, lemuel_tele_altar
D:9:      layout_irregular_city, lemuel_round_altar, kiku_gazebo_garden_becter,
          minmay_lair_entry_lava, serial_column_ruins,
          column_ruins_square_medium, column_ruins_hut, column_ruins_open_tiny,
          column_ruins_columns_straight, column_ruins_columns_dead_end,
          column_ruins_grid_2, column_ruins_columns_straight, hangedman_ranch
Temple:   zaba_magenta_temple
Lair:1:   gammafunk_indiana_jones, layout_hall_layers, infiniplex_staircase_pool
Lair:2:   wad_woods_04, layout_misc_corridors, nicolae_shoals_entry_roost,
          hellmonk_ghost_happy_afterlife, eino_house_with_fridge, uniq_erica

Skill      XL: |  1  2  3  4  5  6  7  8  9 10 11 12 |
---------------+-------------------------------------+-----
Spellcasting   | 3 4 5 6 8 9 11 13 14 | 14.1
Armour         | 1 |  1.8
Fighting       | 1 2 4 |  4.7
Short Blades   | 1 2 |  2.5
Dodging        | 3 4 |  4.5
Stealth        | |  1.5

Action                     |  1- 3 |  4- 6 |  7- 9 | 10-12 || total
---------------------------+-------+-------+-------+-------++-------
  Melee: Dagger            |       |    21 |    46 |    43 ||   110
         Punch             |       |       |     2 |       ||     2
   Cast: Magic Dart        |    64 |    73 |    16 |    14 ||   167
         Call Imp          |     2 |    16 |    45 |    22 ||    85
         Sandblast         |     2 |       |       |       ||     2
         Mephitic Cloud    |       |     9 |    22 |    31 ||    62
         Passwall          |       |     1 |       |       ||     1
         Stone Arrow       |       |       |    50 |    84 ||   134
         Animate Dead      |       |       |     1 |    17 ||    18
         Slow              |       |       |       |    18 ||    18
         Blink             |       |       |       |     5 ||     5
 Invoke: Curse Item        |       |       |     2 |     1 ||     3
         Shatter the Chain |       |       |       |     1 ||     1
   Stab: Sleeping          |       |     1 |       |       ||     1
         Confused          |       |       |     2 |     4 ||     6
 Armour: Robe              |     1 |     4 |     2 |       ||     7
         Leather armour    |       |       |     4 |       ||     4
         Steam dragon scal |       |       |    16 |    23 ||    39
  Dodge: Dodged            |    11 |    22 |    41 |    67 ||   141

Table legend: (Time is in decaauts)
 A = Elapsed time spent in this place.
 B = Non-inter-level travel time spent in this place.
 C = Inter-level travel time spent in this place.
 D = Time resting spent in this place.
 E = Time spent auto-exploring this place.
 F = Levels seen in this place.
 G = Mean time per level.
                   A        B        C        D        E       F      G
               +--------+--------+--------+--------+--------+-----+--------+
         Total |  11608 |  11118 |    490 |    944 |   7527 |  11 | 1055.3 |
       Dungeon |   9219 |   8772 |    447 |    944 |   5952 |   8 | 1152.4 |
        Temple |     97 |     79 |     18 |      0 |     61 |   1 |   97.0 |
          Lair |   2291 |   2266 |     25 |      0 |   1514 |   2 | 1145.5 |
               +--------+--------+--------+--------+--------+-----+--------+

Top non-repeatable levels by time:
  Lair:1: 2020 daAuts
     D:8: 1634 daAuts
     D:9: 1467 daAuts
     D:4: 1214 daAuts
     D:7: 1159 daAuts
     D:5: 1106 daAuts
     D:2: 949 daAuts
     D:1: 934 daAuts
     D:3: 752 daAuts
  Lair:2: 270 daAuts
  Temple: 97 daAuts
